 Dungeon Crawl Stone Soup version 0.25.1-2-g60ff931df9 (webtiles) character file.

Game seed: 7412647491749576729

21 MajorAdolf the Sneak (level 2, -1/28 HPs)
             Began as a Naga Wanderer on Oct 17, 2020.
             Slain by a hound (6 damage)
             ... on level 2 of the Dungeon.
             The game lasted 00:01:32 (1191 turns).

MajorAdolf the Sneak (Naga Wanderer)                Turns: 1191, Time: 00:01:32

Health: -1/28      AC:  1    Str: 13    XL:     2   Next: 87%
Magic:  2/2        EV:  9    Int: 15    God:
Gold:   30         SH:  0    Dex:  8    Spells: 1/1 levels left

rFire    . . .     SeeInvis +   a - +2 dagger
rCold    . . .     Gourm    .   (no shield)
rNeg     . . .     Faith    .   e - +0 robe
rPois    +         Spirit   .   (no helmet)
rElec    .         Reflect  .   (no cloak)
rCorr    .         Harm     .   (no gloves)
MR       .....                  (no barding)
Stlth    +++.......             (no amulet)
HPRegen  0.09/turn              (no ring)
MPRegen  0.08/turn              (no ring)

@: very slow
A: large, see invisible, deformed body, poison resistance, slowness 2, slow
metabolism 1, spit poison 1, AC +0
a: Spit Poison


You were on level 2 of the Dungeon.
You were not hungry.

You visited 1 branch of the dungeon, and saw 2 of its levels.

You collected 30 gold pieces.

Inventory:

Hand Weapons
 a - a +2 dagger (weapon)
 c - a +0 short sword
Armour
 e - a +0 robe (worn)
Jewellery
 g - an uncursed ring of magical power {unknown}
 h - an uncursed amulet of magic regeneration {unknown}
Scrolls
 b - a scroll of fear
 d - a scroll of teleportation
 j - 2 scrolls of remove curse {unknown}
 k - a scroll of random uselessness {unknown}
Potions
 i - a potion of curing {unknown}
 l - a potion of brilliance {unknown}
 n - a potion of lignification {unknown}
Comestibles
 f - a ration


   Skills:
 + Level 3.1 Fighting
 - Level 1.0 Short Blades
 - Level 1.5 Armour
 - Level 1.0 Dodging
 - Level 6.0 Stealth


You had one spell level left.
You didn't know any spells.
Your spell library was empty.

Dungeon Overview and Level Annotations

Branches:
Dungeon (2/15)

Altars:


Innate Abilities, Weirdness & Mutations

You cannot wear boots.
Your serpentine skin is tough. (AC +0)
You have supernaturally acute eyesight. (SInv)
Armour fits poorly on your strangely shaped body.
Your system is resistant to poisons. (rPois)
You cover ground very slowly.
You have a slow metabolism.
You can spit poison.


Message History

The hound is moderately wounded.
The hound bites you. x2
You barely miss the hound.
The hound is moderately wounded.
The hound bites you.
You hit the hound.
The hound is heavily wounded.
The hound bites you. The hound closely misses you.
You hit the hound but do no damage.
The hound is heavily wounded.
You have got your breath back.
The hound bites you.
* * * LOW HITPOINT WARNING * * *
Press: ? - help, Shift-Dir - straight line, f/p - hound
Aim: a hound (heavily wounded, poisoned)
You fail to use your ability.
The hound looks more healthy.
The hound bites you.
* * * LOW HITPOINT WARNING * * *
The hound bites you.
You die...

.#. ... #.# #.# #.#
#.### #.##### #
..?...##.....##.#.#
#.....h@†..>......#
#####.######.##.###
# #.# # #.#
###.######.#
##.....)....#
.........####
##.#.###.# # #.#


You could see a hound.

Vanquished Creatures
  A dart slug (D:1)
  A leopard gecko (D:1)
  A giant cockroach (D:1)
  3 goblins
  3 hobgoblins
  2 frilled lizards
  4 kobolds (D:1)
  4 rats (D:1)
19 creatures vanquished.

Notes
Turn   | Place    | Note
-------+----------+-------------------------------------------
     0 | D:1      | MajorAdolf the Naga Wanderer began the quest for the Orb.
     0 | D:1      | MajorAdolf set off with the following items: a +2 dagger, a
                  | scroll of fear, a +0 short sword, a scroll of
                  | teleportation, a +0 robe, a ration
     0 | D:1      | Reached XP level 1. HP: 21/21 MP: 1/1
   140 | D:1      | Reached skill level 5 in Stealth
   156 | D:1      | Reached XP level 2. HP: 28/28 MP: 2/2
   988 | D:1      | Reached skill level 6 in Stealth
  1191 | D:2      | Slain by a hound

Illustrated notes

Levels and vault maps discovered:
D:1:      heliophobic_arrival_ceremonial_halls, layout_basic,
          serial_corexii_hall, corexii_hall_statues_i, corexii_hall_statues_i
D:2:      layout_loops_ring, overflow_temple_1_default, first_ration,
          minmay_diced_spiral, uniq_jessica, uniq_terence

Skill      XL: |  1  2 |
---------------+-------+-----
Stealth        | 5 6 |  6.0
Fighting       | |  3.1
Short Blades   | |  1.0
Armour         | |  1.5
Dodging        | |  1.0

Action                   || total
-------------------------++-------
Melee: Dagger            ||    39
 Abil: Spit Poison       ||    10
 Stab: Sleeping          ||     4
  Eat: Chunk             ||     1
Dodge: Dodged            ||    17
